 Dungeon Crawl Stone Soup version 0.31.0-12-g77e489cdc1 (webtiles) character file.

Game seed: 10074471106711487494

29 Killerpretzel the Changeling (level 3, 0/23 HPs)
             Began as an Octopode Shapeshifter on Mar 2, 2024.
             Slain by an orc
             ... wielding a +3 trident of protection
              (6 damage)
             ... on level 3 of the Dungeon.
             The game lasted 00:01:23 (1620 turns).

Killerpretzel the Changeling (OpSh)                 Turns: 1620, Time: 00:01:23

Health: 0/23       AC:  1    Str: 13    XL:     3   Next: 16%
Magic:  3/3        EV: 13    Int: 12    God:
Gold:   86         SH:  0    Dex: 13    Spells: 2/2 levels left

rFire   . .          .
                       - Unarmed
rCold   . . .        (no shield)
rNeg    . . .        (helmet currently unavailable)
rPois   .            (no amulet)
rElec   .            (no ring)
rCorr   .            (no ring)
SInv    .            (no ring)
Will    .....        (no ring)
Stlth   ++           (no ring)
HPRegen 0.23/turn    (no ring)
MPRegen 0.08/turn    (no ring)
                     (no ring)

%: no passive effects
@: beast-form
A: beast (slay +1), almost no armour, amphibious, 8 rings, camouflage 1,
gelatinous body 1, (nimble swimmer 1), tentacles
a: Begin Untransformation


You were on level 3 of the Dungeon.
You were a hulking beast.
You visited 1 branch of the dungeon, and saw 3 of its levels.

You collected 86 gold pieces.

Inventory:

Talismans
 b - a beast talisman
 c - a flux talisman
Scrolls
 g - a scroll of identify
Potions
 a - a potion of lignification
 d - a potion of curing
 e - a potion of resistance {unknown}


   Skills:
 + Level 1.5 Fighting
 + Level 2.3 Dodging
 + Level 3.2 Unarmed Combat
 * Level 3.4 Shapeshifting


You had 2 spell levels left.
You didn't know any spells.
Your spell library contained the following spells:

 Spells                   Type           Power      Damage    Failure   Level
 Jinxbite                 Hex            0%         N/A       45%         2
 Yara's Violent Unravell  Hex/Alch       0%         3d3       100%        5
 Enfeeble                 Hex            0%         N/A       100%        7


Dungeon Overview and Level Annotations

Branches:
Dungeon (3/15)

Altars:

Shops:
D:1 (


Innate Abilities, Weirdness & Mutations

You are a hulking beast.
Your limbs bulge with bestial killing power. (Slay +1)
You cannot wear most types of armour.
You are amphibious.
You can wear up to eight rings at the same time.
Your skin changes colour to match your surroundings (Stealth+).
Your rubbery body absorbs attacks. (AC +1, EV +1)
((You are camouflaged when in or above water. (Stealth+)))
You have tentacles for arms and can constrict up to eight enemies at once.


Message History

No target in view!
No target in view!
No target in view!
No target in view!
No target in view!
No target in view!
No target in view!
An orc comes into view.
It is wielding a +0 club. 3 orcs come into view.
An orc is wielding a +3 trident of protection.
An orc is wielding a +2 vampiric dagger.
The orc shouts! x3
The orc hits you with a +0 club.
You closely miss the orc. You grab the orc. Your squeeze misses the orc.
You constrict the orc. The orc barely misses you.
You tentacle-slap the orc but do no damage.
The orc is lightly wounded.
You constrict the orc. You tentacle-slap the orc. x2
You kill the orc!
You tentacle-slap the orc. Your grab misses the orc. You squeeze the orc.
The orc is almost dead.
The orc completely misses you.
The orc hits you from afar with a +3 trident of protection!
You barely miss the orc. You grab the orc. You squeeze the orc.
You kill the orc!
The orc barely misses you. The orc misses you.
Items here: ( )) [ †.
You tentacle-slap the orc but do no damage.
You grab the orc.
You constrict the orc, but do no damage.
The orc hits you with a +3 trident of protection!
* * * LOW HITPOINT WARNING * * *
You tentacle-slap the orc but do no damage.
You constrict the orc. The orc closely misses you.
You tentacle-slap the orc. You squeeze the orc, but do no damage.
The orc is moderately wounded.
You constrict the orc, but do no damage.
The orc hits you with a +3 trident of protection.
You die...

### ###
#.#####.# #<#
#...ooh.# #.#
#.#####.# #.#
#.#########.#
#...........#
#############


You could see 2 orcs.

Vanquished Creatures
  A dart slug (D:2)
  2 orcs (D:3)
  A bat (D:1)
  6 endoplasms
  A giant cockroach (D:1)
  2 goblins (D:1)
  2 hobgoblins (D:1)
  2 kobolds (D:1)
  A quokka (D:1)
  3 rats
21 creatures vanquished.

Notes
Turn   | Place    | Note
-------+----------+-------------------------------------------
     0 | D:1      | Killerpretzel the Octopode Shapeshifter began the quest for
                  | the Orb.
     0 | D:1      | Reached XP level 1. HP: 13/13 MP: 1/1
   173 | D:1      | Reached XP level 2. HP: 18/18 MP: 2/2
   453 | D:1      | Found a faded altar of an unknown god.
   553 | D:1      | Found Fyifoech's Weapon Shoppe.
   827 | D:2      | Reached XP level 3. HP: 19/23 MP: 3/3
  1620 | D:3      | Slain by an orc

Illustrated notes

Levels and vault maps discovered:
D:1:      tarquinn_simple_flora_water_d, layout_basic, serial_shops, shop,
          basic_ecumenical_altar
D:2:      layout_basic, minmay_misc_feat_square
D:3:      layout_basic, nicolae_elyvilon_temple_path, gammafunk_ghost_smash,
          hex_intersection, grunt_ministairs_11

Action                     || total
---------------------------++-------
  Melee: Unarmed           ||    39
         Constrict         ||    13
         Tentacles         ||    11
         Punch             ||     1
    Use: Scroll            ||     4
   Stab: Sleeping          ||    10
 Armour: Skin              ||     7
  Dodge: Dodged            ||    15
